 Dungeon Crawl Stone Soup version 0.23.1 (webtiles) character file.

Game seed: 4431711667195205112

11169 Pox the Gouger (level 11, -11/48 HPs)
             Began as a Felid Venom Mage on Mar 1, 2019.
             Was a Priest of Dithmenos.
             Mangled by a minotaur
             ... wielding a +0 battleaxe
              (15 damage)
             ... in a Gauntlet.
             The game lasted 01:17:20 (24227 turns).

Pox the Gouger (Felid Venom Mage)                  Turns: 24227, Time: 01:17:20

Health: -11/48     AC: 11    Str:  9    XL:     11   Next: 45%
Magic:  14/19      EV: 23    Int: 17    God:    Dithmenos [***...]
Gold:   807        SH:  0    Dex: 21    Spells: 0/20 levels left
                                        Lives:  0   Deaths: 3

rFire    . . .     SeeInvis +     - Unarmed
rCold    + . .     Gourm    .   (shield unavailable)
rNeg     . . .     Faith    .   (armour unavailable)
rPois    .         Spirit   .   (helmet unavailable)
rElec    .         Reflect  .   (cloak unavailable)
rCorr    .         Harm     .   (gloves unavailable)
MR       +....     NoTele   +   (boots unavailable)
Stlth    +++++++...             (no amulet)
HPRegen  0.16/turn              i - +3 ring of slaying
MPRegen  0.16/turn              l - ring of Robustness {AC+8}

@: mighty, wreathed by umbra, quick
A: very small, no armour, no weapons or thrown items, stealth, claws 1, fangs 3,
see invisible, carnivore, speed 1, shaggy fur 3, slow metabolism 1, sharp paws
a: Shadow Step, Renounce Religion


You were in a Gauntlet.
You worshipped Dithmenos.
Dithmenos was most pleased with you.
You were not hungry.

You visited 3 branches of the dungeon, and saw 16 of its levels.
You also visited: Gauntlet.

You collected 807 gold pieces.

Inventory:

Jewellery
 i - a +3 ring of slaying (left paw)
 l - the ring of Robustness (right paw) {AC+8}
   (You found it in a Gauntlet)

   [ring of protection]

   It affects your AC (+8).
 q - a +2 ring of evasion
 v - the ring "Qysmok" {rF+ rC+ Str-3 Int+3 Dex+5}
   (You found it in a Gauntlet)

   [ring of intelligence]

   It affects your strength (-3).
   It affects your intelligence (+3).
   It affects your dexterity (+5).
   It protects you from fire.
   It protects you from cold.
Wands
 f - a wand of flame (30)
 p - a wand of clouds (3)
 s - a wand of disintegration (9)
 t - a wand of paralysis (10)
Scrolls
 d - 5 scrolls of remove curse
 o - 8 scrolls of teleportation
 u - 3 scrolls of fog
Potions
 a - a potion of invisibility {unknown}
 e - 4 potions of flight
 g - 3 potions of curing
 h - a potion of brilliance {unknown}
 k - 2 potions of cancellation
 n - 4 potions of lignification
 x - a potion of ambrosia {unknown}
 B - a potion of agility {unknown}
 C - 3 potions of resistance
Comestibles
 b - 31 rations


   Skills:
 - Level 5.7 Fighting
 - Level 6.7 Dodging
 - Level 9.0 Stealth
 - Level 9.4 Unarmed Combat
 - Level 5.1 Spellcasting
 - Level 6.0 Conjurations
 - Level 5.1 Translocations
 - Level 4.4 Transmutations
 - Level 4.2 Fire Magic
 - Level 6.9 Air Magic
 - Level 4.0 Earth Magic
 - Level 7.1 Poison Magic
 - Level 4.3 Invocations


You couldn't memorise any spells.
You knew the following spells:

 Your Spells              Type           Power        Failure   Level  Hunger
a - Summon Lightning Spi  Summ/Air       ###.....     34%         4    ####...
b - Poisonous Vapours     Pois/Air       ####..       1%          2    #......
c - Olgreb's Toxic Radia  Pois           ####....     8%          4    ####...
d - Blink                 Tloc           N/A          2%          2    #......
e - Conjure Flame         Conj/Fire      ###.....     4%          3    ###....
f - Passwall              Tmut/Erth      ###.....     3%          2    #......
g - Stone Arrow           Conj/Erth      ###...       5%          3    ###....

Your spell library contained the following spells:

 Spells                   Type           Power        Failure   Level  Hunger
 Magic Dart               Conj           ####         1%          1    None
 Sting                    Conj/Pois      ####         1%          1    None
 Sandblast                Erth           ###...       2%          1    None
 Mephitic Cloud           Conj/Pois/Air  ####....     2%          3    ###....
 Throw Frost              Conj/Ice       ##....       6%          2    #......
 Freeze                   Ice            #...         14%         1    None
 Recall                   Summ/Tloc      N/A          14%         3    ###....
 Call Imp                 Summ           #.......     22%         2    #......
 Slow                     Hex            #.......     22%         2    #......
 Petrify                  Tmut/Erth      ###.....     24%         4    ####...
 Venom Bolt               Conj/Pois      ####......   26%         5    ######.
 Ozocubu's Armour         Chrm/Ice       #.......     38%         3    ###....
 Throw Icicle             Conj/Ice       ##......     38%         4    ####...
 Lee's Rapid Deconstruct  Erth           ###.......   58%         5    ######.
 Silence                  Hex/Air        ###.......   67%         5    ######.
 Summon Ice Beast         Ice/Summ       #.......     80%         4    ####...
 Summon Forest            Summ/Tloc      ##........   80%         5    ######.
 Conjure Ball Lightning   Conj/Air       ####......   83%         6    #######
 Aura of Abjuration       Summ           #.........   98%         5    ######.
 Summon Demon             Summ           #.........   98%         5    ######.
 Summon Mana Viper        Hex/Summ       #.......     98%         5    ######.
 Deflect Missiles         Chrm/Air       ###.......   99%         6    #######
 Shadow Creatures         Summ           N/A          100%        6    #######
 Tornado                  Air            ####......   100%        9    #######


Dungeon Overview and Level Annotations

Branches:
Dungeon (12/15)            Temple (1/1) D:7            Lair (3/6) D:11
  Swamp (0/4) Lair:3       Spider (0/4) Lair:3          Orc (0/2) D:9

Altars:
Ashenzari
Cheibriados
Dithmenos
Elyvilon
Fedhas
Gozag
Hepliaklqana
Kikubaaqudgha
Makhleb
Nemelex Xobeh
Okawaru
Qazlal
Ru
Sif Muna
Trog
Uskayaw
Vehumet
Wu Jian
Xom
Yredelemnul
Zin
The Shining One

Shops:
D:7 [

Annotations:
D:6 exclusion: water moccasin
D:7 exclusion: downstairs
D:9 exclusion: 2 downstairs
D:10 exclusion: downstairs
D:11 exclusion: downstairs
D:12 Azrael
Lair:2 exclusion: oklob plant
Lair:3 exclusion: wolf spider Gauntlet 7 transporters


Innate Abilities, Weirdness & Mutations

You cannot wear armour.
You are incapable of wielding weapons or throwing items.
Your paws allow you to move quietly. (Stealth)
You have sharp claws.
You have razor-sharp teeth.
You have supernaturally acute eyesight. (SInv)
You are carnivorous and can eat meat at any time.
You cover ground quickly.
Your thick and shaggy fur keeps you warm. (AC +3, rC+)
You have a slow metabolism.
Your sharp claws are effective at attacking unaware monsters.


Message History

You claw the minotaur!
The minotaur is heavily wounded.
You scratch the minotaur.
You bite the minotaur, but do no damage.
The minotaur is heavily wounded.
The minotaur looks more healthy.
The minotaur is engulfed in freezing vapours.
The minotaur completely misses you. The minotaur barely misses you.
You claw the minotaur! You bite the minotaur.
The minotaur is severely wounded.
You claw the minotaur!
The minotaur is almost dead.
The minotaur is engulfed in freezing vapours.
The minotaur drinks a potion.
The minotaur is healed!
You claw the minotaur!
You bite the minotaur, but do no damage.
The minotaur is severely wounded.
The minotaur is engulfed in freezing vapours.
The minotaur hits you with a +0 battleaxe!
You die...

#########.#########
#.##### #..!..#
#######.# #§§§..#.#
#§###.#.# #§#∩#.#.#
#§#H#.#.# #§#.#@#.#
#§#°H§#.# #§#####.#
#§§.....# #########


You could see a minotaur.

Vanquished Creatures
  A hydra (Lair:2)
  A two-headed ogre (D:9)
  4 death yaks
  An unseen horror (D:12)
  A deep elf mage (D:9)
  9 spiny frogs
  A centaur skeleton (D:12)
  A kobold demonologist (D:6)
  2 komodo dragons (Lair:2)
  A troll (D:10)
  4 blink frogs (Lair:2)
  8 hippogriffs
  2 redbacks (Gauntlet)
  2 spriggans
  20 yaks
  2 basilisks
  A small abomination (Gauntlet)
  A soldier ant (D:7)
  7 orc warriors
  3 porcupines
  2 water moccasins
  7 sky beasts
  An eye of draining (D:9)
  A phantom (D:8)
  3 necrophages
  3 ice beasts
  4 ogres
  3 black bears
  6 wolves
  5 centaurs
  A big kobold (D:11)
  2 crocodiles
  2 elf zombies (D:8)
  Blork the orc (D:4)
  15 bullfrogs
  A water moccasin zombie (D:10)
  4 scorpions
  3 killer bees (D:10)
  5 wights (D:10)
  4 crimson imps
  3 howler monkeys
  3 bullfrog zombies (D:8)
  4 hounds
  3 jellies
  A centaur zombie (D:7)
  3 human zombies (D:8)
  6 orc priests
  2 bullfrog skeletons
  An iguana (D:10)
  10 orc wizards
  2 human skeletons (D:8)
  9 worker ants
  An ogre zombie (D:8)
  2 hound skeletons (D:8)
  A worker ant zombie (D:8)
  12 adders
  A howler monkey skeleton (D:7)
  4 shadow imps
  2 white imps
  An ufetubus (D:12)
  3 oozes (D:1)
  4 adder zombies
  A worm (D:3)
  A dart slug (D:1)
  5 leopard geckos
  41 orcs
  4 giant cockroaches
  7 goblins
  7 hobgoblins
  7 jackals
  5 quokkas
  4 bats
  7 frilled lizards
  9 kobolds
  2 orc zombies (D:8)
  A quokka skeleton (D:6)
  4 rats
  A bush (Lair:1)
  5 plants (Lair:1)
334 creatures vanquished.

Vanquished Creatures (others)
  30 fungi (D:11)
  13 plants
43 creatures vanquished.

Grand Total: 377 creatures vanquished

Notes
Turn   | Place    | Note
-------+----------+-------------------------------------------
     0 | D:1      | Pox the Felid Venom Mage began the quest for the Orb.
     0 | D:1      | Reached XP level 1. HP: 7/7 MP: 4/4
   319 | D:1      | Reached XP level 2. HP: 1/11 MP: 6/6
   626 | D:1      | Learned a level 2 spell: Poisonous Vapours
  1107 | D:1      | Reached skill level 1 in Conjurations
  1577 | D:1      | Reached XP level 3. HP: 2/14 MP: 7/7
  1904 | D:1      | Reached skill level 1 in Unarmed Combat
  3182 | D:2      | Reached XP level 4. HP: 16/18 MP: 8/8
  3195 | D:2      | Learned a level 4 spell: Olgreb's Toxic Radiance
  3265 | D:2      | Found an opulent altar of Gozag.
  3350 | D:2      | Found a faded altar of an unknown god.
  4071 | D:3      | Reached skill level 1 in Air Magic
  4104 | D:3      | Killed from afar by an orc wizard
  4105 | D:3      | Reached XP level 3. HP: -1/14 MP: 2/7
  4110 | D:3      | Reached XP level 4. HP: 18/18 MP: 1/8
  5107 | D:4      | Reached XP level 5. HP: 14/21 MP: 0/9
  5175 | D:4      | Noticed Blork the orc
  5369 | D:4      | Noticed an ogre
  5389 | D:4      | Killed an ogre
  5392 | D:4      | Gained mutation: You are covered in thick fur. (AC +2)
                  | [Felid growth]
  5392 | D:4      | Reached XP level 6. HP: 24/24 MP: 0/11
  5505 | D:4      | Killed Blork the orc
  6085 | D:5      | Entered Level 5 of the Dungeon
  6089 | D:5      | Learned a level 2 spell: Blink
  6246 | D:5      | Reached XP level 7. HP: 19/27 MP: 1/13
  7226 | D:5      | Reached skill level 5 in Air Magic
  7288 | D:5      | Reached XP level 8. HP: 18/31 MP: 9/15
  8559 | D:6      | Reached skill level 1 in Translocations
  8669 | D:6      | Learned a level 3 spell: Conjure Flame
  8802 | D:7      | Found Ungoixun's Antique Armour Shoppe.
  9201 | D:7      | Found an opulent altar of Gozag.
  9403 | D:7      | Found a sparkling altar of Nemelex Xobeh.
  9404 | D:7      | Found a basalt altar of Yredelemnul.
 10125 | D:6      | Noticed an eight-headed hydra
 10132 | D:6      | Noticed a kobold demonologist
 10136 | D:6      | Noticed a soul eater
 10155 | D:6      | Killed a kobold demonologist
 10155 | D:6      | Reached skill level 5 in Poison Magic
 10155 | D:6      | Reached XP level 9. HP: 22/31 MP: 3/17
 10321 | D:7      | Reached skill level 5 in Stealth
 10342 | D:7      | Reached skill level 5 in Spellcasting
 10455 | D:7      | Found a staircase to the Ecumenical Temple.
 10476 | Temple   | Entered the Ecumenical Temple
 10700 | Temple   | Became a worshipper of Dithmenos the Shadowed
 10914 | D:8      | Found a stormy altar of Qazlal.
 11209 | D:8      | Reached skill level 5 in Translocations
 11852 | D:8      | Reached skill level 1 in Fighting
 12103 | D:8      | Reached skill level 1 in Fire Magic
 12425 | D:8      | Reached skill level 5 in Unarmed Combat
 12511 | D:8      | Mangled by a wraith
 12512 | D:8      | Reached XP level 8. HP: -7/30 MP: 12/16
 12894 | D:8      | Reached * piety under Dithmenos
 12916 | D:8      | Reached XP level 9. HP: 29/36 MP: 13/17
 12996 | D:8      | Found an ancient bone altar of Kikubaaqudgha.
 13358 | D:9      | Learned a level 2 spell: Passwall
 13371 | D:9      | Noticed a two-headed ogre
 13410 | D:9      | Killed a two-headed ogre
 13688 | D:9      | Noticed a deep elf mage
 13694 | D:9      | Killed a deep elf mage
 14077 | D:9      | Reached XP level 10. HP: 40/42 MP: 3/18
 14113 | D:9      | Found a shimmering altar of Xom.
 14200 | D:9      | Reached skill level 5 in Dodging
 14512 | D:9      | Reached ** piety under Dithmenos
 14713 | D:9      | Found a staircase to the Orcish Mines.
 14928 | D:10     | Entered Level 10 of the Dungeon
 14971 | D:9      | Learned a level 3 spell: Stone Arrow
 15347 | D:10     | Reached skill level 1 in Invocations
 15548 | D:10     | Reached skill level 1 in Transmutations
 16279 | D:11     | Noticed a green ugly thing
 16897 | D:11     | Reached skill level 1 in Earth Magic
 16898 | D:11     | Found a staircase to the Lair.
 16937 | D:11     | Reached XP level 11. HP: 35/46 MP: 0/19
 17371 | D:11     | Reached *** piety under Dithmenos
 17676 | D:12     | Noticed an unseen horror
 17690 | D:12     | Killed an unseen horror
 18515 | D:12     | Noticed Azrael
 18807 | Lair:1   | Entered Level 1 of the Lair of Beasts
 21020 | Lair:2   | Reached skill level 5 in Fighting
 21106 | Lair:2   | Reached skill level 5 in Conjurations
 21343 | Lair:2   | Noticed a death yak
 21345 | Lair:2   | Noticed a death yak
 21347 | Lair:2   | Noticed a death yak
 21349 | Lair:2   | Noticed a death yak
 21377 | Lair:2   | Killed a death yak
 21416 | Lair:2   | Killed a death yak
 21504 | Lair:1   | Killed a death yak
 21657 | Lair:2   | Noticed an oklob plant
 21687 | Lair:2   | Gained mutation: Your thick and shaggy fur keeps you warm.
                  | (AC +3, rC+) [Felid growth]
 21687 | Lair:2   | Reached XP level 12. HP: 50/51 MP: 4/20
 21965 | Lair:2   | Killed a death yak
 22375 | Lair:2   | Noticed an eight-headed hydra
 22401 | Lair:2   | Killed an eight-headed hydra
 22427 | Lair:2   | Reached **** piety under Dithmenos
 23365 | Lair:3   | Found a hole to the Spider Nest.
 23386 | Lair:3   | Found a staircase to the Swamp.
 23509 | Lair:3   | Found a gate leading to a gauntlet.
 23519 | Gauntlet | Entered a Gauntlet
 23519 | Gauntlet | Found a transporter.
 23519 | Gauntlet | Found a transporter.
 23677 | Gauntlet | Found a transporter.
 23680 | Gauntlet | Found the ring of Robustness {AC+8}
 23693 | Gauntlet | Found a transporter.
 23697 | Gauntlet | Found a transporter.
 23705 | Gauntlet | Found a transporter.
 23709 | Gauntlet | Found a transporter.
 23720 | Gauntlet | Found a transporter.
 23735 | Gauntlet | Found a transporter.
 23749 | Gauntlet | Found a transporter.
 23753 | Gauntlet | Found a transporter.
 23761 | Gauntlet | Found a transporter.
 23940 | Gauntlet | Noticed an anaconda
 23947 | Gauntlet | Noticed an ice dragon
 23947 | Gauntlet | an anaconda changed into an ice dragon
 23974 | Gauntlet | Got a steaming granite ring
 23977 | Gauntlet | Noticed a two-headed ogre
 23977 | Gauntlet | a death drake changed into a two-headed ogre
 23978 | Gauntlet | a two-headed ogre changed into a shining eye
 23988 | Gauntlet | Slain by a redback
 23989 | Gauntlet | Reached XP level 11. HP: -2/48 MP: 17/19
 23993 | Gauntlet | Identified the ring "Qysmok" {rF+ rC+ Str-3 Int+3 Dex+5}
                  | (You found it in a Gauntlet)
 23999 | Gauntlet | Learned a level 4 spell: Summon Lightning Spire
 23999 | Gauntlet | Noticed a glowing orange brain
 24031 | Gauntlet | Noticed a minotaur
 24227 | Gauntlet | Mangled by a minotaur

Skill      XL: |  1  2  3  4  5  6  7  8  9 10 11 12 |
---------------+-------------------------------------+-----
Dodging        | 3 4 5 6 |  6.7
Poison Magic   | 3 4 5 6 7 |  7.1
Conjurations   | 1 3 5 6 |  6.0
Stealth        | 3 4 7 8 9 |  9.0
Unarmed Combat | 1 2 3 4 6 8 9 |  9.4
Air Magic      | 2 3 5 6 |  6.9
Spellcasting   | 3 4 5 |  5.1
Translocations | 3 5 |  5.1
Fighting       | 3 4 5 |  5.7
Fire Magic     | 2 4 |  4.2
Invocations    | 1 3 4 |  4.3
Transmutations | 1 3 4 |  4.4
Earth Magic    | 1 3 4 |  4.0

Action                   |  1- 3 |  4- 6 |  7- 9 | 10-12 || total
-------------------------+-------+-------+-------+-------++-------
Melee: Unarmed           |   139 |    47 |   290 |   402 ||   878
       Bite              |    13 |     5 |    33 |    43 ||    94
       Punch             |     1 |       |     4 |    20 ||    25
 Cast: Sting             |     2 |       |     1 |     1 ||     4
       Poisonous Vapours |     9 |    45 |   133 |   137 ||   324
       Conjure Flame     |       |       |     4 |    16 ||    20
       Olgreb's Toxic Ra |       |       |    15 |    45 ||    60
       Blink             |       |       |     3 |    12 ||    15
       Stone Arrow       |       |       |       |    43 ||    43
Evoke: Wand              |       |       |       |     3 ||     3
  Use: Scroll            |       |     5 |     2 |    16 ||    23
       Potion            |       |       |       |    11 ||    11
 Stab: Sleeping          |    11 |     4 |    22 |    18 ||    55
       Distracted        |       |       |     2 |       ||     2
  Eat: Chunk             |    14 |    11 |    28 |    32 ||    85
Armor: Skin              |    10 |     1 |    10 |    10 ||    31
Dodge: Dodged            |   105 |    49 |   228 |   307 ||   689
